 Dungeon Crawl Stone Soup version 0.18.1-48-g4cf74bf (webtiles) character file.

5446 Gargoyl the Protected (level 10, 0/76 HPs)
             Began as a Demonspawn Abyssal Knight on June 28, 2016.
             Was an Elder of Lugonu.
             Slain by a yak (10 damage)
             ... on level 9 of the Dungeon.
             The game lasted 00:28:43 (12334 turns).

Gargoyl the Protected (Demonspawn Abyssal Knight)  Turns: 12334, Time: 00:28:43

Health: 0/76       AC: 23    Str: 15    XL:     10   Next: 41%
Magic:  12/12      EV:  1    Int: 14    God:    Lugonu [****..]
Gold:   300        SH: 17    Dex: 13    Spells: 0 memorised, 9 levels left

rFire  + . .     SeeInvis .     a - +2 hand axe
rCold  . . .     Gourm    .     h - +0 plate armour
rNeg   . . .     Faith    .     e - +2 large shield
rPois  .         Spirit   .     (helmet restricted)
rElec  .         Dismiss  .     m - +2 cloak
rCorr  .         Reflect  .     o - +2 pair of gloves
SustAt .         Harm     .     (no boots)
MR     .....     Clarity  +     (no amulet)
Stlth  ..........               (no ring)
                                (no ring)

@: not resistant to hostile enchantments, extremely unstealthy
A: antennae 2, molten scales 2, clarity, demonic guardian 1, fire resistance 1
a: Depart the Abyss, Bend Space, Banish, Corrupt, Renounce Religion


You were on level 9 of the Dungeon.
You worshipped Lugonu.
Lugonu was greatly pleased with you.
You were hungry.

You visited 1 branch of the dungeon, and saw 9 of its levels.
You visited the Abyss 1 time.

You collected 494 gold pieces.
You spent 194 gold pieces at shops.

Inventory:

Hand Weapons
 a - a +2 hand axe (weapon)
 s - a cursed -1 spear
Missiles
 u - 21 tomahawks (quivered)
 B - 3 tomahawks of returning
Armour
 e - a +2 large shield (worn)
 h - a +0 plate armour (worn)
 m - a +2 cloak (worn)
 o - a +2 pair of gloves (worn)
Wands
 i - a wand of flame (15/48)
 q - a wand of random effects (35/48)
 t - a wand of lightning (3/15)
 y - a wand of flame (13/48)
 C - a wand of iceblast (7/15)
 D - a wand of paralysis (10/24)
 E - a wand of slowing (15/48)
 H - a wand of iceblast (5/15)
Scrolls
 d - 5 scrolls of identify
 f - 3 scrolls of fog
 j - 2 scrolls of teleportation
 w - a scroll of enchant weapon
 x - 2 scrolls of amnesia {unknown}
 A - a scroll of recharging
 I - a scroll of torment {unknown}
Potions
 g - a potion of ambrosia
 k - a potion of magic {unknown}
 l - a potion of cancellation {unknown}
 n - a potion of mutation {unknown}
 F - a potion of curing {unknown}
 G - a potion of haste {unknown}
Books
 v - a book of Annihilations

   Spells                             Type                      Level
   a - Poison Arrow                   Conjuration/Poison           6
   b - Chain Lightning                Conjuration/Air              8
   c - Lehudib's Crystal Spear        Conjuration/Earth            8
   d - Glaciate                       Conjuration/Ice              9
   e - Fire Storm                     Conjuration/Fire             9
Comestibles
 b - 3 slices of pizza
 c - 9 bread rations
 r - 3 meat rations


   Skills:
 + Level 5.9 Fighting
 + Level 5.6 Axes
 + Level 0.5 Throwing
 * Level 8.7 Armour
 + Level 2.2 Dodging
 + Level 0.8 Stealth
 + Level 8.2 Shields
 + Level 3.8 Invocations
 + Level 0.6 Evocations


You had 9 spell levels left.
You didn't know any spells.

Dungeon Overview and Level Annotations

Branches:
Dungeon (9/15)             Temple (0/1) D:5            Lair (0/8) D:8
    Orc: D:9-12

Altars:
Elyvilon
Fedhas
Okawaru
Ru
Vehumet
Xom

Shops:
D:4 (   D:5 ?


Innate Abilities, Weirdness & Mutations

You have a pair of antennae on your head.
You are mostly covered in molten scales (AC +3, EV -1).
A weak demonic guardian rushes to your aid.
Your flesh is heat resistant.
You possess an exceptional clarity of mind.


Message History

The yak gores you but does no damage.
Your shield and plate armour prevent you from hitting the yak.
The yak is heavily wounded.
The yak gores you.
* * * LOW HITPOINT WARNING * * *
The yak gores you but does no damage.
You hit the yak.
The yak is heavily wounded.
The yak gores you but does no damage.
Your plate armour prevents you from hitting the yak.
The yak is heavily wounded.
The yak gores you!
* * * LOW HITPOINT WARNING * * *
You hit the yak but do no damage.
The yak is heavily wounded.
You block the yak's attack.
You hit the yak but do no damage.
The yak is heavily wounded.
The yak gores you!
You die...

### ..# #.# #.#
# ##.# #. ..#
#.#..##.#
#......@#
###..##Y# #.
#(# #.. #)# #
###...#<###..(.
Y..Y...........
##Y...#.#.#....
#.#..##.##.# ##
##. ..# .#


You could see a yak.

Vanquished Creatures
  Erica (D:8)
  3 yaks (D:9)
  Sigmund (D:4)
  Eustachio (D:5)
  A hungry ghost (D:7)
  An orc warrior (D:7)
  A sky beast (D:7)
  2 slaves (D:5)
  3 ice beasts
  An ogre (D:8)
  A wolf (D:8)
  4 centaurs
  2 giant frogs
  A scorpion (D:6)
  8 killer bees
  5 wights (D:8)
  3 howler monkeys
  A quasit (D:7)
  A crimson imp (D:6)
  An orc wizard (D:6)
  6 hounds
  A centaur skeleton (D:5)
  A giant frog skeleton (D:7)
  Jessica (D:2)
  Ijyb (D:2)
  An iguana (D:4)
  7 worker ants
  A killer bee zombie (D:8)
  A worker ant zombie (D:6)
  5 gnolls
  7 adders
  2 shadow imps (D:6)
  An ooze (D:3)
  3 worms
  2 dart slugs
  7 giant geckos
  28 orcs
  A ball python (D:3)
  7 bats
  7 giant cockroaches
  8 goblins
  9 hobgoblins
  7 jackals
  5 kobolds
  3 quokkas
  A giant gecko skeleton (D:8)
  A giant gecko zombie (D:8)
  2 giant newts
  A quokka zombie (D:5)
  7 rats
176 creatures vanquished.

Vanquished Creatures (collateral kills)
  Pikel (D:5)
  A troll (D:7)
  A spriggan (D:8)
  A yak (D:9)
  Duvessa (D:5)
  An ice beast (D:9)
  2 slaves (D:5)
  3 ogres
  A centaur (D:9)
  A giant frog (D:7)
  Dowan (D:5)
  A scorpion (D:5)
  2 killer bees
  A howler monkey (D:5)
  A crimson imp (D:5)
  An electric eel (D:8)
  A giant frog zombie (D:5)
  5 hounds
  A jelly (D:5)
  A centaur skeleton (D:7)
  2 gnolls (D:5)
  2 oozes (D:5)
  A quokka zombie (D:5)
33 creatures vanquished.

Vanquished Creatures (others)
  2 hungry ghosts (D:8)
  2 electric eels (D:8)
  3 crimson imps
7 creatures vanquished.

Grand Total: 216 creatures vanquished

Notes
Turn   | Place    | Note
--------------------------------------------------------------
     0 | Abyss:1  | Gargoyl the Demonspawn Abyssal Knight began the quest for the Orb.
     0 | Abyss:1  | Reached XP level 1. HP: 18/18 MP: 2/2
    63 | Abyss:1  | Noticed an iron imp
    78 | Abyss:1  | Noticed a small abomination
    96 | Abyss:1  | Noticed a small abomination
   107 | Abyss:1  | Noticed a green very ugly thing
   111 | Abyss:1  | Noticed a small abomination
   114 | Abyss:1  | Noticed an ancient zyme
   121 | Abyss:1  | Noticed a small abomination
   138 | D:1      | Escaped the Abyss
   583 | D:1      | Reached * piety under Lugonu
   609 | D:1      | Gained mutation: A weak demonic guardian rushes to your aid. [demonic ancestry]
   609 | D:1      | Reached XP level 2. HP: 24/24 MP: 3/3
  1415 | D:2      | Reached skill level 1 in Shields
  1415 | D:2      | Reached XP level 3. HP: 19/29 MP: 4/4
  2087 | D:2      | Reached ** piety under Lugonu
  2183 | D:2      | Noticed Ijyb
  2209 | D:2      | Killed Ijyb
  2209 | D:2      | Reached skill level 1 in Dodging
  2209 | D:2      | Gained mutation: You have a pair of small antennae on your head. [demonic ancestry]
  2209 | D:2      | Reached XP level 4. HP: 25/35 MP: 5/5
  2383 | D:2      | Noticed Jessica
  2399 | D:2      | Killed Jessica
  2976 | D:3      | Found a shimmering altar of Xom.
  3402 | D:3      | Gained mutation: You are partially covered in molten scales (AC +1). [demonic ancestry]
  3402 | D:3      | Reached XP level 5. HP: 39/41 MP: 6/6
  3534 | D:3      | Found a sacrificial altar of Ru.
  3830 | D:4      | Noticed Sigmund
  3844 | D:4      | Killed Sigmund
  3844 | D:4      | Gained mutation: Your flesh is heat resistant. [demonic ancestry]
  3844 | D:4      | Reached XP level 6. HP: 31/48 MP: 7/7
  4343 | D:4      | Found a blossoming altar of Fedhas.
  4393 | D:4      | Found Jureide's Weapon Emporium.
  4551 | D:4      | Found a radiant altar of Vehumet.
  4990 | D:5      | Entered Level 5 of the Dungeon
  5076 | D:5      | Noticed a slave
  5078 | D:5      | Noticed a slave
  5079 | D:5      | Noticed Pikel
  5087 | D:5      | Noticed a slave
  5103 | D:5      | Reached *** piety under Lugonu
  5152 | D:5      | Reached XP level 7. HP: 9/54 MP: 8/8
  5251 | D:5      | Reached skill level 5 in Armour
  5425 | D:5      | Noticed Duvessa
  5425 | D:5      | Noticed Dowan
  5431 | D:5      | Killed Duvessa
  5437 | D:5      | Killed Dowan
  5816 | D:5      | Gained mutation: You possess an exceptional clarity of mind. [potion of beneficial mutation]
  5822 | D:5      | Killed Pikel
  5822 | D:5      | Reached XP level 8. HP: 48/61 MP: 8/10
  5907 | D:5      | Noticed Eustachio
  5951 | D:5      | Killed Eustachio
  6074 | D:5      | Reached skill level 5 in Shields
  6416 | D:5      | Found a staircase to the Ecumenical Temple.
  6462 | D:5      | Found Xitoym's Magic Scroll Shop.
  6470 | D:5      | Bought a scroll of enchant armour for 97 gold pieces
  6470 | D:5      | Bought a scroll of enchant weapon for 97 gold pieces
  7685 | D:6      | Reached **** piety under Lugonu
  7917 | D:7      | Found an iron altar of Okawaru.
  8067 | D:7      | Gained mutation: You have a pair of antennae on your head. [demonic ancestry]
  8067 | D:7      | Reached XP level 9. HP: 67/67 MP: 11/11
  8706 | D:7      | Reached skill level 5 in Fighting
  9650 | D:8      | Found a white marble altar of Elyvilon.
  9677 | D:8      | Noticed a troll
  9825 | D:7      | Killed a troll
  9980 | D:8      | Reached skill level 5 in Axes
 10068 | D:8      | Found a staircase to the Lair.
 10075 | D:8      | HP: 1/68 [electric eel/bolt of electricity (5)]
 10774 | D:8      | Reached ***** piety under Lugonu
 11131 | D:8      | Gained mutation: You are mostly covered in molten scales (AC +3, EV -1). [demonic ancestry]
 11131 | D:8      | Reached XP level 10. HP: 37/74 MP: 12/12
 11571 | D:8      | Noticed Erica
 11598 | D:8      | Killed Erica
 12334 | D:9      | Slain by a yak

Skill      XL: |  1  2  3  4  5  6  7  8  9 10 |
---------------+-------------------------------+-----
Axes           | 2 3 4 5 |  5.6
Armour         | 2 3 4 5 6 7 8 |  8.7
Shields        | 1 2 3 4 6 7 8 |  8.2
Dodging        | 1 2 |  2.2
Fighting       | 4 5 |  5.9
Invocations    | 3 |  3.8
Throwing       | |  0.5
Stealth        | |  0.8
Evocations     | |  0.6

Action                   |  1- 3 |  4- 6 |  7- 9 | 10-12 || total
-------------------------+-------+-------+-------+-------++-------
Melee: Hand axe          |   205 |   263 |   695 |   219 ||  1382
Throw: Tomahawk          |       |       |     1 |     4 ||     5
Invok: Depart the Abyss  |     1 |       |       |       ||     1
       Banish            |       |       |     4 |     4 ||     8
Evoke: Wand              |       |       |     5 |       ||     5
  Use: Scroll            |       |    10 |     5 |       ||    15
       Potion            |       |       |     9 |     1 ||    10
 Stab: Distracted        |       |       |     2 |       ||     2
  Eat: Chunk             |     4 |     7 |    14 |     3 ||    28
       Royal jelly       |       |     1 |     1 |       ||     2
       Beef jerky        |       |     1 |     2 |       ||     3
       Fruit             |       |       |     4 |       ||     4
       Meat ration       |       |       |     1 |     1 ||     2
       Bread ration      |       |       |       |     1 ||     1
Armor: Plate armour      |   171 |   151 |   710 |    99 ||  1131
Dodge: Dodged            |     9 |     3 |    45 |     6 ||    63
Block: Large shield      |   145 |   152 |   770 |   185 ||  1252
